 Dungeon Crawl Stone Soup version 0.29-a0-284-gf9362112df (webtiles) character file.

Game seed: 4574488380109791993

11 gzilladon the Ruffian (level 2, 0/29 HPs)
             Began as a Troll Berserker on Mar 24, 2022.
             Was a Follower of Trog.
             Slain by an adder (1 damage)
             ... on level 2 of the Dungeon.
             The game lasted 00:02:52 (514 turns).

gzilladon the Ruffian (Troll Berserker)              Turns: 514, Time: 00:02:53

Health: 0/29       AC:  4    Str: 24    XL:     2   Next: 17%
Magic:  1/1        EV: 10    Int:  3    God:    Trog [*.....]
Gold:   19         SH:  0    Dex:  9    Spells: 1/1 levels left

rFire   . . .      SeeInvis .     - Unarmed
rCold   . . .      Faith    .   (no shield)
rNeg    . . .      Spirit   .   a - +0 animal skin
rPois   .          Reflect  .   (helmet restricted)
rElec   .          Harm     +   e - scarf {harm}
rCorr   .          Rampage  .   (gloves unavailable)
Will    .....                   (boots unavailable)
Stlth   +.........              (no amulet)
HPRegen 0.89/turn               (no ring)
MPRegen 0.07/turn               (no ring)

@: lethally poisoned (0 -> -2), attractive
A: large, unfitting armour, claws 3, regeneration 1, shaggy fur 1, tough skin 1
a: Renounce Religion, Berserk


You were on level 2 of the Dungeon.
You worshipped Trog.
Trog was aware of your devotion.
You visited 1 branch of the dungeon, and saw 2 of its levels.

You collected 19 gold pieces.

Inventory:

Missiles
 b - 5 large rocks (quivered)
 c - 40 stones
Armour
 a - a +0 animal skin (worn)
 e - a scarf of harm (worn)


   Skills:
 + Level 2.4 Fighting
 + Level 2.7 Dodging
 + Level 3.3 Unarmed Combat


You had one spell level left.
You didn't know any spells.
Your spell library was empty.

Dungeon Overview and Level Annotations

Branches:
Dungeon (2/15)

Altars:


Innate Abilities, Weirdness & Mutations

You are too large for most types of armour.
You have claws for hands.
Your natural rate of healing is unusually fast.
You are covered in fur. (AC +1)
You have tough skin. (AC +1)


Message History

The bat hits you. The endoplasm freezes you.
You are frozen.
The bat misses you. The endoplasm attacks as you move away!
The endoplasm hits you. The bat attacks as you move away! The bat hits you. x2
The bat misses you. x2
You closely miss the bat. The bat closely misses you.
You scratch the bat.
You kill the bat!
Trog accepts your kill.
You barely miss the adder. The adder bites you.
You are poisoned.
The adder poisons you! The adder bites you but does no damage.
You miss the adder.
You feel sick. The adder closely misses you.
You miss the adder.
You feel sick. The adder bites you but does no damage.
You closely miss the adder.
You feel sick. The adder bites you.
You are more poisoned.
The adder poisons you!
You completely miss the adder.
You feel sick. The adder barely misses you. x2
You completely miss the adder.
You feel sick. The adder barely misses you.
You barely miss the adder.
You feel sick. The adder misses you.
You barely miss the adder.
You feel sick. The adder bites you.
* * * LOW HITPOINT WARNING * * *
You are more poisoned.
The adder poisons you!
You miss the adder.
You feel sick. The adder bites you but does no damage.
The adder barely misses you.
It was a potion of attraction.
You feel attractive to monsters.
You feel sick. The adder bites you.
* * * LOW HITPOINT WARNING * * *
You are lethally poisoned!
The adder poisons you!
You barely miss the adder.
* * * LOW HITPOINT WARNING * * *
You feel sick. The adder bites you but does no damage.
You barely miss the adder.
* * * LOW HITPOINT WARNING * * *
You feel sick. The adder bites you.
You die...

... #....# #.....
#.##....# #.####
#.......##### #.#
#..........# #.#
##....†.....######.#
#....rJ............#
#....#g#####..)....#
#....#S#####.......#
#... #@....'.......#
#... #######......##
### #......#
########


You could see an adder, an endoplasm, a goblin and a rat.

Vanquished Creatures
  A worm (D:2)
  2 bats
  2 goblins
  A quokka (D:2)
  2 ball pythons (D:1)
8 creatures vanquished.

Notes
Turn   | Place    | Note
-------+----------+-------------------------------------------
     0 | D:1      | gzilladon the Troll Berserker began the quest for the Orb.
     0 | D:1      | Reached XP level 1. HP: 22/22 MP: 0/0
   479 | D:2      | Reached XP level 2. HP: 24/29 MP: 1/1
   513 | D:2      | HP: 1/29 [poisoned by an adder]
   514 | D:2      | Slain by an adder

Illustrated notes

Levels and vault maps discovered:
D:1:      ncdulo_smallfort, layout_basic, ebering_ecumenical_altar_hall
D:2:      layout_basic, minmay_misc_feat_alley, minmay_pentomino_q2

Action                   || total
-------------------------++-------
Melee: Unarmed           ||    31
  Use: Potion            ||     1
Armor: Animal skin       ||    17
Dodge: Dodged            ||    26

Table legend: (Time is in decaauts)
 A = Elapsed time spent in this place.
 B = Non-inter-level travel time spent in this place.
 C = Inter-level travel time spent in this place.
 D = Time resting spent in this place.
 E = Time spent auto-exploring this place.
 F = Levels seen in this place.
 G = Mean time per level.
                   A        B        C        D        E       F      G
               +--------+--------+--------+--------+--------+-----+--------+
         Total |    512 |    512 |      0 |      0 |      0 |   2 |  256.0 |
       Dungeon |    512 |    512 |      0 |      0 |      0 |   2 |  256.0 |
               +--------+--------+--------+--------+--------+-----+--------+

Top non-repeatable levels by time:
     D:1: 384 daAuts
     D:2: 127 daAuts
